TOP OF THE 1ST |
Oklahoma City Dodgers batting - Pitching for Las Vegas 51s : LHP Kevin Miozza
|
Pitching: LHP Kevin Miozza
|
|
Batting: RHB Nate Taylor
|
0-0: Ball 1-0: Ball 2-0: Ball 3-0: Called Strike 3-1: Base on Balls
|
Batting: RHB Armando Galindo
|
0-0: Ball 1-0: Ball 2-0: Foul Ball, location: 2F 2-1: DOUBLE (Flyball, 8RXD, EV 96.9 MPH) Nate Taylor to third
|
Batting: LHB Alex Ramos
|
0-0: Swinging Strike 0-1: Fly out, F7 (Flyball, 7D, EV 108.1 MPH) Runner from 3rd tags up, SCORES, no throw by LF Armando Galindo to third
|
Batting: RHB John Manocchio
|
0-0: Called Strike 0-1: Ball 1-1: Foul Ball, location: 2F 1-2: Fly out, F9 (Flyball, 9S, EV 91.9 MPH) Runner from 3rd tags up, OUT at HOME! 9-2
|
Top of the 1st over - 1 run, 1 hit, 0 errors, 0 left on base; Oklahoma City 1 - Las Vegas 0 |
BOTTOM OF THE 1ST |
Las Vegas 51s batting - Pitching for Oklahoma City Dodgers : LHP Billy Nash
|
Pitching: LHP Billy Nash
|
|
Batting: RHB Jordan Martin
|
0-0: Foul Ball, location: 2F 0-1: Foul Ball, location: 2F 0-2: Strikes out swinging
|
Batting: RHB Steven Romanovsky
|
0-0: Ball 1-0: Called Strike 1-1: Ball 2-1: Ball 3-1: Base on Balls
|
Batting: SHB Billy Encinias
|
0-0: Ball 1-0: Ball 2-0: SINGLE (Groundball, 6S, EV 68.1 MPH) (infield hit) Steven Romanovsky to second
|
Batting: LHB Bill Armijo
|
0-0: Ball 1-0: 3-RUN HOME RUN (Flyball, 9LD, EV 96.9 MPH), Distance : 342 ft
|
Batting: LHB Sal Fernandez
|
0-0: Called Strike 0-1: Ball 1-1: Swinging Strike 1-2: Ball 2-2: SINGLE (Line Drive, 6MD, EV 96.9 MPH)
|
Batting: RHB Seth Daniel
|
0-0: Ball 1-0: Called Strike 1-1: Foul Ball, location: 2F 1-2: Foul Ball, location: 2F 1-2: Ball 2-2: Strikes out looking
|
Batting: LHB Roy Riess
|
0-0: Ball 1-0: Foul Ball, location: 2F 1-1: Ball 2-1: SINGLE (Groundball, 4, EV 94.4 MPH) Sal Fernandez to second Runner from 2nd tries for 3rd, SAFE, throw by CF made at trailing runner, OUT! 8-6
|
Bottom of the 1st over - 3 runs, 4 hits, 0 errors, 1 left on base; Oklahoma City 1 - Las Vegas 3 |
TOP OF THE 2ND |
Oklahoma City Dodgers batting - Pitching for Las Vegas 51s : LHP Kevin Miozza
|
Batting: RHB Tim Adams
|
0-0: Ball 1-0: Called Strike 1-1: Ball 2-1: Ball 3-1: Called Strike 3-2: Foul Ball, location: 2F 3-2: Foul Ball, location: 2F 3-2: DOUBLE (Line Drive, 7LD, EV 107.5 MPH)
|
Batting: RHB Terry Jarrells
|
0-0: 2-RUN HOME RUN (Flyball, 78XD, EV 110.6 MPH), Distance : 425 ft
|
Batting: RHB Matt Robert
|
0-0: Ball 1-0: Foul Ball, location: 2F 1-1: Ball 2-1: Called Strike 2-2: Foul Ball, location: 2F 2-2: Ball 3-2: Ground out 6-3 (Groundball, 6, EV 84.4 MPH)
|
Batting: LHB James Betron
|
0-0: Foul Ball, location: 2F 0-1: Fly out, F7 (Flyball, 7LM, EV 98.1 MPH)
|
Batting: RHB Mike Moore
|
0-0: Ball 1-0: Ball 2-0: Ball 3-0: Called Strike 3-1: Foul Ball, location: 2F 3-2: Ground out 4-3 (Groundball, 4, EV 98.8 MPH)
|
Top of the 2nd over - 2 runs, 2 hits, 0 errors, 0 left on base; Oklahoma City 3 - Las Vegas 3 |
BOTTOM OF THE 2ND |
Las Vegas 51s batting - Pitching for Oklahoma City Dodgers : LHP Billy Nash
|
Batting: RHB Leon Edwards
|
0-0: Ball 1-0: Reached on error, E3 (Groundball, 34, EV 103.1 MPH)
|
Batting: LHB Ben Goldstein
|
0-0: Ball 1-0: Called Strike 1-1: Called Strike 1-2: Ball 2-2: Strikes out swinging
|
Batting: RHB Jordan Martin
|
0-0: Ball 1-0: Called Strike 1-1: Foul Ball, location: 2F 1-2: Ball 2-2: Ball 3-2: Foul Ball, location: 2F 3-2: Ground out 5-3 (Groundball, 56, EV 87.5 MPH)
|
Batting: RHB Steven Romanovsky
|
0-0: Ball 1-0: Foul Ball, location: 2F 1-1: Fly out, F9 (Flyball, 9S, EV 85.6 MPH)
|
Bottom of the 2nd over - 0 runs, 0 hits, 1 error, 1 left on base; Oklahoma City 3 - Las Vegas 3 |
TOP OF THE 3RD |
Oklahoma City Dodgers batting - Pitching for Las Vegas 51s : LHP Kevin Miozza
|
Batting: RHB Nate Taylor
|
0-0: Ball 1-0: Swinging Strike 1-1: Foul Ball, location: 2F 1-2: Foul Ball, location: 2F 1-2: Foul Ball, location: 2F 1-2: Foul Ball, location: 2F 1-2: SINGLE (Groundball, 56D, EV 94.4 MPH)
|
Batting: RHB Armando Galindo
|
0-0: Called Strike 0-1: Ball 1-1: Fielders Choice at 2nd, 5-4 (Groundball, 56, EV 109.4 MPH)
|
Batting: LHB Alex Ramos
|
0-0: Foul Ball, location: 2F 0-1: Ball Armando Galindo steals 2nd base 1-1: Foul Ball, location: 2F 1-2: Ground out 4-3 (Groundball, 4, EV 80.6 MPH) Armando Galindo to third
|
Batting: RHB John Manocchio
|
0-0: Ball 1-0: Foul Ball, location: 2F 1-1: Ball 2-1: Foul Ball, location: 2F 2-2: Strikes out looking
|
Top of the 3rd over - 0 runs, 1 hit, 0 errors, 1 left on base; Oklahoma City 3 - Las Vegas 3 |
BOTTOM OF THE 3RD |
Las Vegas 51s batting - Pitching for Oklahoma City Dodgers : LHP Billy Nash
|
Batting: SHB Billy Encinias
|
0-0: Ball 1-0: Swinging Strike 1-1: Ball 2-1: Ball 3-1: Foul Ball, location: 2F 3-2: Ground out 4-3 (Groundball, 4, EV 91.3 MPH)
|
Batting: LHB Bill Armijo
|
0-0: Ball 1-0: Foul Ball, location: 2F 1-1: Ball 2-1: Ball 3-1: Foul Ball, location: 2F 3-2: Foul Ball, location: 2F 3-2: Foul Ball, location: 2F 3-2: Foul Ball, location: 2F 3-2: Ground out 6-3 (Groundball, 6, EV 104.4 MPH)
|
Batting: LHB Sal Fernandez
|
0-0: Ball 1-0: Ball 2-0: Ball 3-0: Called Strike 3-1: Base on Balls
|
Batting: RHB Seth Daniel
|
0-0: Ball 1-0: Ball 2-0: Ball 3-0: Called Strike 3-1: Base on Balls Sal Fernandez to second
|
Batting: LHB Roy Riess
|
0-0: Ball 1-0: Ball 2-0: Ball 3-0: Base on Balls Sal Fernandez to third Seth Daniel to second
|
Pitching: RHP Jason Englert
|
|
Batting: RHB Leon Edwards
|
0-0: Ball 1-0: Ball 2-0: Ball 3-0: Called Strike 3-1: Base on Balls Sal Fernandez scores Seth Daniel to third Roy Riess to second
|
Batting: LHB Ben Goldstein
|
0-0: Ground out 1-3 (Groundball, 15S, EV 70.0 MPH)
|
Bottom of the 3rd over - 1 run, 0 hits, 0 errors, 3 left on base; Oklahoma City 3 - Las Vegas 4 |
TOP OF THE 4TH |
Oklahoma City Dodgers batting - Pitching for Las Vegas 51s : LHP Kevin Miozza
|
Batting: RHB Tim Adams
|
0-0: Fly out, F7 (Flyball, 78S, EV 95.0 MPH)
|
Batting: RHB Terry Jarrells
|
0-0: Called Strike 0-1: Ball 1-1: Foul Ball, location: 2F 1-2: Strikes out swinging
|
Batting: RHB Matt Robert
|
0-0: Ball 1-0: Foul Ball, location: 2F 1-1: Foul Ball, location: 2F 1-2: Ball 2-2: Strikes out swinging
|
Top of the 4th over - 0 runs, 0 hits, 0 errors, 0 left on base; Oklahoma City 3 - Las Vegas 4 |
BOTTOM OF THE 4TH |
Las Vegas 51s batting - Pitching for Oklahoma City Dodgers : RHP Jason Englert
|
Batting: RHB Jordan Martin
|
0-0: Ball 1-0: Foul Ball, location: 2F 1-1: Foul Ball, location: 2F 1-2: Ball 2-2: Foul Ball, location: 2F 2-2: DOUBLE (Flyball, 8LXD, EV 106.3 MPH)
|
Batting: RHB Steven Romanovsky
|
0-0: Ball 1-0: Called Strike 1-1: Foul Ball, location: 2F 1-2: Ball 2-2: Strikes out swinging
|
Batting: SHB Billy Encinias
|
0-0: Ball 1-0: Swinging Strike 1-1: Called Strike 1-2: Strikes out swinging
|
Batting: LHB Bill Armijo
|
0-0: Ground out 4-3 (Groundball, 34, EV 81.3 MPH)
|
Bottom of the 4th over - 0 runs, 1 hit, 0 errors, 1 left on base; Oklahoma City 3 - Las Vegas 4 |
TOP OF THE 5TH |
Oklahoma City Dodgers batting - Pitching for Las Vegas 51s : LHP Kevin Miozza
|
Batting: LHB James Betron
|
0-0: Ball 1-0: Ball 2-0: Ball 3-0: Ground out 5-3 (Groundball, 56, EV 96.3 MPH)
|
Batting: RHB Mike Moore
|
0-0: Foul Ball, location: 2F 0-1: Swinging Strike 0-2: Strikes out looking
|
Batting: RHB Nate Taylor
|
0-0: Ball 1-0: Ball 2-0: Called Strike 2-1: Called Strike 2-2: Strikes out swinging
|
Top of the 5th over - 0 runs, 0 hits, 0 errors, 0 left on base; Oklahoma City 3 - Las Vegas 4 |
BOTTOM OF THE 5TH |
Las Vegas 51s batting - Pitching for Oklahoma City Dodgers : RHP Jason Englert
|
Batting: LHB Sal Fernandez
|
0-0: Ball 1-0: Called Strike 1-1: Swinging Strike 1-2: Foul Ball, location: 2F 1-2: Strikes out swinging
|
Batting: RHB Seth Daniel
|
0-0: Ball 1-0: Ball 2-0: SINGLE (Groundball, 6M, EV 100.0 MPH) (infield hit)
|
Batting: LHB Roy Riess
|
0-0: Foul Ball, location: 2F 0-1: Called Strike 0-2: Fielders Choice at 2nd, 4-6 (Groundball, 4, EV 86.9 MPH)
|
Batting: RHB Leon Edwards
|
0-0: Ball 1-0: Foul Ball, location: 2F 1-1: Foul Ball, location: 2F 1-2: Ball 2-2: Foul Ball, location: 2F 2-2: Foul Ball, location: 2F 2-2: Reached on error, E4 (Groundball, 4, EV 100.6 MPH) Roy Riess to second
|
Batting: LHB Ben Goldstein
|
0-0: Ball 1-0: Called Strike 1-1: Foul Ball, location: 2F 1-2: Foul Ball, location: 2F 1-2: Foul Ball, location: 2F 1-2: Foul Ball, location: 2F 1-2: Ball 2-2: Strikes out swinging
|
Bottom of the 5th over - 0 runs, 1 hit, 1 error, 2 left on base; Oklahoma City 3 - Las Vegas 4 |
TOP OF THE 6TH |
Oklahoma City Dodgers batting - Pitching for Las Vegas 51s : LHP Kevin Miozza
|
Batting: RHB Armando Galindo
|
0-0: Ball 1-0: Called Strike 1-1: Ball 2-1: Ball 3-1: Fly out, F9 (Flyball, 9, EV 95.6 MPH)
|
Batting: LHB Alex Ramos
|
0-0: Ball 1-0: Ball 2-0: Foul Ball, location: 2F 2-1: Ground out 3-1 (Groundball, 34, EV 91.3 MPH)
|
Batting: RHB John Manocchio
|
0-0: Ground out 6-3 (Groundball, 6, EV 86.9 MPH)
|
Top of the 6th over - 0 runs, 0 hits, 0 errors, 0 left on base; Oklahoma City 3 - Las Vegas 4 |
BOTTOM OF THE 6TH |
Las Vegas 51s batting - Pitching for Oklahoma City Dodgers : RHP Jason Englert
|
Pitching: RHP Jake Milligan
|
|
Batting: RHB Jordan Martin
|
0-0: Ball 1-0: Called Strike 1-1: Ball 2-1: Swinging Strike 2-2: Fly out, F3 (Popup, 3F, EV 76.3 MPH)
|
Batting: RHB Steven Romanovsky
|
0-0: Ball 1-0: Ball 2-0: Ball 3-0: Base on Balls
|
Batting: SHB Billy Encinias
|
0-0: Ball 1-0: Called Strike 1-1: Ball 2-1: Ball 3-1: Swinging Strike 3-2: Base on Balls Steven Romanovsky to second
|
Batting: LHB Bill Armijo
|
0-0: Called Strike 0-1: Fielders Choice at 2nd, 4-6 (Groundball, 4, EV 82.5 MPH) Steven Romanovsky to third
|
Batting: LHB Sal Fernandez
|
0-0: Foul Ball, location: 2F 0-1: Ball 1-1: Foul Ball, location: 2F 1-2: Fly out, F8 (Flyball, 78D, EV 103.1 MPH)
|
Bottom of the 6th over - 0 runs, 0 hits, 0 errors, 2 left on base; Oklahoma City 3 - Las Vegas 4 |
TOP OF THE 7TH |
Oklahoma City Dodgers batting - Pitching for Las Vegas 51s : LHP Kevin Miozza
|
Batting: RHB Tim Adams
|
0-0: Ball 1-0: Called Strike 1-1: Ball 2-1: Ball 3-1: Ground out 4-3 (Groundball, 4, EV 85.0 MPH)
|
Batting: RHB Terry Jarrells
|
0-0: SOLO HOME RUN (Flyball, 7LD, EV 97.5 MPH), Distance : 357 ft
|
Batting: RHB Matt Robert
|
0-0: Called Strike 0-1: Ball 1-1: Ground out U3 (Groundball, 3S, EV 70.0 MPH)
|
Batting: LHB James Betron
|
0-0: Called Strike 0-1: Foul Ball, location: 2F 0-2: Strikes out swinging
|
Top of the 7th over - 1 run, 1 hit, 0 errors, 0 left on base; Oklahoma City 4 - Las Vegas 4 |
BOTTOM OF THE 7TH |
Las Vegas 51s batting - Pitching for Oklahoma City Dodgers : RHP Jake Milligan
|
Pitching: RHP Alex Aguilar
|
|
Batting: RHB Seth Daniel
|
0-0: Ground out U3 (Groundball, 34S, EV 79.4 MPH)
|
Batting: LHB Roy Riess
|
0-0: Called Strike 0-1: Ground out 6-3 (Groundball, 6, EV 91.9 MPH)
|
Batting: RHB Leon Edwards
|
0-0: Reached on error, E6 (Groundball, 6, EV 102.5 MPH)
|
Batting: LHB Ben Goldstein
|
0-0: Ball 1-0: Ball 2-0: Called Strike 2-1: Foul Ball, location: 2F 2-2: Ball 3-2: Foul Ball, location: 2F 3-2: Strikes out swinging
|
Bottom of the 7th over - 0 runs, 0 hits, 1 error, 1 left on base; Oklahoma City 4 - Las Vegas 4 |
TOP OF THE 8TH |
Oklahoma City Dodgers batting - Pitching for Las Vegas 51s : LHP Kevin Miozza
|
Pitching: RHP Ian Wright
|
|
Batting: RHB Mike Moore
|
0-0: Called Strike 0-1: SINGLE (Groundball, 34D, EV 96.3 MPH)
|
Batting: RHB Nate Taylor
|
0-0: Ball 1-0: Foul Ball, location: 2F 1-1: Swinging Strike 1-2: Ball 2-2: Ball 3-2: Strikes out swinging
|
Batting: RHB Armando Galindo
|
0-0: Called Strike Mike Moore steals 2nd, throwing error, E2 Mike Moore to third 0-1: Ball 1-1: Ground out 1-3 (Groundball, P, EV 65.6 MPH)
|
Batting: LHB Alex Ramos
|
0-0: Called Strike 0-1: Ball 1-1: Foul Ball, location: 2F 1-2: Ball 2-2: Strikes out looking
|
Top of the 8th over - 0 runs, 1 hit, 1 error, 1 left on base; Oklahoma City 4 - Las Vegas 4 |
BOTTOM OF THE 8TH |
Las Vegas 51s batting - Pitching for Oklahoma City Dodgers : RHP Alex Aguilar
|
Pitching: RHP Stephen Stanley
|
|
Batting: RHB Jordan Martin
|
0-0: Called Strike 0-1: Ball 1-1: Ball 2-1: SINGLE (Line Drive, 4MD, EV 108.1 MPH)
|
Pinch Hitting: SHB Josh Schultze
|
0-0: Ball 1-0: Called Strike 1-1: Swinging Strike 1-2: Ball 2-2: Foul Ball, location: 2F 2-2: Foul Ball, location: 2F 2-2: Foul Ball, location: 2F 2-2: Strikes out looking
|
Batting: SHB Billy Encinias
|
0-0: Ball Jordan Martin is caught stealing 2nd base 2-6 1-0: Called Strike 1-1: Foul Ball, location: 2F 1-2: SINGLE (Groundball, 34D, EV 98.1 MPH)
|
Batting: LHB Bill Armijo
|
0-0: Ball Billy Encinias steals 2nd base 1-0: Ball 2-0: Foul Ball, location: 2F 2-1: Called Strike 2-2: Strikes out looking
|
Bottom of the 8th over - 0 runs, 2 hits, 0 errors, 1 left on base; Oklahoma City 4 - Las Vegas 4 |
TOP OF THE 9TH |
Oklahoma City Dodgers batting - Pitching for Las Vegas 51s : RHP Ian Wright
|
Pitching: RHP Javier Perez
|
|
Now at 1B: Masaya Nakamura
|
|
Batting: RHB John Manocchio
|
0-0: Ball 1-0: Ball 2-0: Ball 3-0: Foul Ball, location: 2F 3-1: Base on Balls
|
Batting: RHB Tim Adams
|
0-0: Ball 1-0: Foul Ball, location: 2F 1-1: Fielders Choice at 2nd, 6-4 (Groundball, 56, EV 98.1 MPH)
|
Batting: RHB Terry Jarrells
|
0-0: Ball 1-0: Ball 2-0: Called Strike 2-1: Foul Ball, location: 2F 2-2: Foul Ball, location: 2F 2-2: Ball 3-2: Base on Balls Tim Adams to second
|
Batting: RHB Matt Robert
|
0-0: Bunt missed! 0-1: Bunt missed! 0-2: Ball 1-2: Ball 2-2: Foul Ball, location: 2F 2-2: Ball 3-2: Fly out, F7 (Flyball, 78M, EV 83.1 MPH)
|
Batting: LHB James Betron
|
0-0: Foul Ball, location: 2F 0-1: Ground out U3 (Groundball, 3, EV 85.0 MPH)
|
Top of the 9th over - 0 runs, 0 hits, 0 errors, 2 left on base; Oklahoma City 4 - Las Vegas 4 |
BOTTOM OF THE 9TH |
Las Vegas 51s batting - Pitching for Oklahoma City Dodgers : RHP Stephen Stanley
|
Pitching: RHP Jon Harris
|
|
Batting: LHB Sal Fernandez
|
0-0: SINGLE (Groundball, 34D, EV 102.5 MPH)
|
Batting: RHB Seth Daniel
|
|
Pinch Hitting: SHB Roberto Magne
|
0-0: Ball 1-0: Foul Ball, location: 2F 1-1: Ball 2-1: SINGLE (Groundball, 6D, EV 99.4 MPH) Sal Fernandez to second
|
Batting: LHB Roy Riess
|
0-0: Grounds into double play, 4-6-3 (Groundball, 4M, EV 98.8 MPH) Sal Fernandez to third
|
Pinch Hitting: LHB Adam Hairston
|
0-0: Foul Ball, location: 2F 0-1: Swinging Strike 0-2: Strikes out swinging
|
Bottom of the 9th over - 0 runs, 2 hits, 0 errors, 1 left on base; Oklahoma City 4 - Las Vegas 4 |
TOP OF THE 10TH |
Oklahoma City Dodgers batting - Pitching for Las Vegas 51s : RHP Javier Perez
|
Now at SS: Roberto Magne
|
|
Now in LF: Mike Titus
|
|
Batting: RHB Mike Moore
|
0-0: Ball 1-0: Ball 2-0: Ball 3-0: Base on Balls
|
Batting: RHB Nate Taylor
|
0-0: Called Strike 0-1: Ball 1-1: Foul Ball, location: 2F 1-2: Ball 2-2: TRIPLE (Line Drive, 89XD, EV 104.4 MPH) Mike Moore scores
|
Batting: RHB Armando Galindo
|
0-0: Swinging Strike 0-1: Foul Ball, location: 2F 0-2: Foul Ball, location: 2F 0-2: Ball 1-2: Ground out 6-3 (Groundball, 6, EV 103.8 MPH)
|
Batting: LHB Alex Ramos
|
0-0: Intentional Walk
|
Batting: RHB John Manocchio
|
0-0: Ball Alex Ramos steals 2nd base 1-0: Called Strike 1-1: Ball 2-1: Ball 3-1: Base on Balls
|
Pitching: RHP Ian Daniels
|
|
Batting: RHB Tim Adams
|
0-0: Ball 1-0: Called Strike 1-1: Foul Ball, location: 2F 1-2: Ball 2-2: Ball 3-2: Foul Ball, location: 2F 3-2: Foul Ball, location: 2F 3-2: Base on Balls Nate Taylor scores Alex Ramos to third John Manocchio to second
|
Batting: RHB Terry Jarrells
|
0-0: Foul Ball, location: 2F 0-1: Foul Ball, location: 2F 0-2: Ball 1-2: Strikes out looking
|
Batting: RHB Matt Robert
|
0-0: Ball 1-0: Foul Ball, location: 2F 1-1: Foul Ball, location: 2F 1-2: Strikes out swinging
|
Top of the 10th over - 2 runs, 1 hit, 0 errors, 3 left on base; Oklahoma City 6 - Las Vegas 4 |
BOTTOM OF THE 10TH |
Las Vegas 51s batting - Pitching for Oklahoma City Dodgers : RHP Jon Harris
|
Batting: LHB Ben Goldstein
|
0-0: Ball 1-0: Foul Ball, location: 2F 1-1: Called Strike 1-2: Ball 2-2: Strikes out swinging
|
Batting: RHB Jordan Martin
|
0-0: Ball 1-0: TRIPLE (Flyball, 78D, EV 93.1 MPH)
|
Batting: RHB Masaya Nakamura
|
0-0: Foul Ball, location: 2F 0-1: Ball 1-1: Ball 2-1: Ground out 5-3 (Groundball, 56, EV 104.4 MPH) Jordan Martin scores
|
Batting: SHB Billy Encinias
|
0-0: Ball 1-0: Swinging Strike 1-1: Ground out U3 (Groundball, 3, EV 100.0 MPH)
|
Bottom of the 10th over - 1 run, 1 hit, 0 errors, 0 left on base; Oklahoma City 6 - Las Vegas 5 |
|